[Event "Polish Youth G18 Championship 2023"]
[Site "Jastrzebia Gora"]
[Date "2023.03.15"]
[Round "5.8"]
[White "Bugaj, Hanna"]
[Black "Jedrzejko, Martyna"]
[Result "1/2-1/2"]
[ECO "D43"]
[WhiteElo "1639"]
[BlackElo "1629"]
[Annotator "NA RC COMBH"]
[PlyCount "87"]
[EventDate "2023.03.11"]
[EventType "swiss"]
[EventCountry "POL"]
[SourceTitle "playchess.com"]
[Source "ChessBase"]
[SourceQuality "1"]
[TimeControl "40/5400+30:1800+30"]

1. d4 d5 2. c4 c6 3. Nf3 Nf6 4. Nc3 e6 5. Qd3 dxc4 6. Qxc4 b5 7. Qd3 Ba6 8. Qc2 b4 9. Na4 Qa5 10. Bd2 Ne4 11. Qxe4 Qxa4 12. Ne5 Bd6 13. b3 Qb5 14. Nc4 Be7 15. Rc1 Qd5 16. Qg4 g6 17. Bh6 Bxc4 18. Rxc4 Qa5 19. Rc2 Nd7 20. e4 Rc8 21. Bc4 Nf6 22. Qf3 Qh5 23. Ba6 Qxf3 24. gxf3 Rd8 25. Rxc6 Rxd4 26. Bb5 Kd8 27. Bf4 Rd7 28. Rc4 Rb7 29. Ba6 Rb6 30. Bc7+ Kd7 31. Bxb6 axb6 32. Bb5+ Kd8 33. Ke2 Bc5 34. a3 bxa3 35. b4 Bd6 36. Ra1 Ke7 37. Rxa3 Nh5 38. h4 Rd8 39. Ra7+ Kf6 40. Rd7 Nf4+ 41. Kd1 Rxd7 42. Bxd7 Ke7 43. Ba4 Nd3 44. Kc2 1/2-1/2

[Event "Polish Youth G18 Championship 2023"]
[Site "Jastrzebia Gora"]
[Date "2023.03.15"]
[Round "5.9"]
[White "Krzyzosiak, Marta"]
[Black "Dallemura, Anna"]
[Result "1-0"]
[ECO "C77"]
[WhiteElo "1778"]
[BlackElo "1496"]
[Annotator "NA RC COMBH"]
[PlyCount "91"]
[EventDate "2023.03.11"]
[EventType "swiss"]
[EventCountry "POL"]
[SourceTitle "playchess.com"]
[Source "ChessBase"]
[SourceQuality "1"]
[TimeControl "40/5400+30:1800+30"]

1. e4 e5 2. Nf3 Nc6 3. Bb5 a6 4. Ba4 Nf6 5. Qe2 b5 6. Bb3 Bc5 7. a4 Rb8 8. axb5 axb5 9. d3 d6 10. Be3 Bxe3 11. fxe3 O-O 12. O-O Qe7 13. Nbd2 h6 14. h3 Kh8 15. Nh4 Rg8 16. Nf5 Bxf5 17. Rxf5 Nd8 18. Raf1 Ne6 19. Qf2 Nf8 20. g4 N8h7 21. Qh4 g5 22. Qf2 Rg6 23. d4 Rd8 24. Qe2 Rb8 25. c4 bxc4 26. Qxc4 Rf8 27. dxe5 dxe5 28. Nf3 Rg7 29. Nxe5 Qd6 30. Rd1 Qb6 31. Rd3 Qa7 32. Qd4 c5 33. Qa4 Qc7 34. Rc3 Re8 35. Rxc5 Qd6 36. Qd4 Qb8 37. Rb5 Qc7 38. Qc5 Qd8 39. Nxf7+ Rxf7 40. Bxf7 Rxe4 41. Bd5 Re7 42. Ra5 Qd7 43. Qd4 Re8 44. Rxf6 Nxf6 45. Qxf6+ Kh7 46. Ra6 1-0

[Event "Polish Youth G18 Championship 2023"]
[Site "Jastrzebia Gora"]
[Date "2023.03.15"]
[Round "5.10"]
[White "Gaczol, Julia"]
[Black "Anyz, Monika"]
[Result "1-0"]
[ECO "B31"]
[WhiteElo "1419"]
[BlackElo "1755"]
[Annotator "NA RC COMBH"]
[PlyCount "149"]
[EventDate "2023.03.11"]
[EventType "swiss"]
[EventCountry "POL"]
[SourceTitle "playchess.com"]
[Source "ChessBase"]
[SourceQuality "1"]
[TimeControl "40/5400+30:1800+30"]

1. e4 c5 2. Nf3 Nc6 3. Bb5 g6 4. O-O Bg7 5. c3 e5 6. d3 Nge7 7. Be3 Qb6 8. Na3 O-O 9. Qd2 d6 10. Bxc6 Nxc6 11. b4 Be6 12. Ng5 Qa6 13. Nxe6 fxe6 14. Nc2 cxb4 15. Nxb4 Nxb4 16. cxb4 d5 17. Rfc1 d4 18. Bg5 Rfc8 19. h4 Qa3 20. Rc4 b5 21. Rc2 Rc3 22. Qc1 Qxc1+ 23. Raxc1 Rac8 24. Rxc3 Rxc3 25. Rxc3 dxc3 26. a3 c2 27. Bc1 Bf6 28. g3 h6 29. Kf1 g5 30. h5 Kg7 31. g4 Bd8 32. Ke2 a5 33. Kd2 axb4 34. axb4 Bb6 35. f3 Bd4 36. Kxc2 Kf6 37. Kd2 Ke7 38. Ke2 Kf6 39. Be3 Bc3 40. Bc5 Kg7 41. Ke3 Kf7 42. d4 exd4+ 43. Bxd4 Bxb4 44. Kd3 Be1 45. Be5 Bf2 46. Bd6 Be1 47. Kd4 b4 48. Kc4 Bc3 49. f4 Bd2 50. fxg5 Bxg5 51. e5 Ke8 52. Bxb4 Kd7 53. Kd4 Kc6 54. Be1 Kd7 55. Ke4 Ke7 56. Bg3 Kf7 57. Bf4 Be7 58. Bxh6 Kg8 59. Kf4 Ba3 60. Ke4 Kh7 61. Be3 Be7 62. g5 Kg7 63. Kf4 Bb4 64. Kg4 Bc3 65. Bf4 Ba5 66. g6 Bd8 67. Bg5 Ba5 68. Bf6+ Kh6 69. g7 Kh7 70. h6 Bd2 71. Kh5 Bf4 72. g8=Q+ Kxg8 73. Kg6 Bxh6 74. Kxh6 Kf7 75. Kh7 1-0

[Event "Polish Youth G18 Championship 2023"]
[Site "Jastrzebia Gora"]
[Date "2023.03.15"]
[Round "5.11"]
[White "Obrochta, Lena"]
[Black "Gornisiewicz, Natalia"]
[Result "1/2-1/2"]
[ECO "B03"]
[WhiteElo "1673"]
[BlackElo "1287"]
[Annotator "NA RC COMBH"]
[PlyCount "239"]
[EventDate "2023.03.11"]
[EventType "swiss"]
[EventCountry "POL"]
[SourceTitle "playchess.com"]
[Source "ChessBase"]
[SourceQuality "1"]
[TimeControl "40/5400+30:1800+30"]

1. e4 Nf6 2. e5 Nd5 3. d4 d6 4. c4 Nb6 5. exd6 cxd6 6. Nc3 g6 7. h3 Bg7 8. Nf3 Nc6 9. Be2 O-O 10. O-O h5 11. Be3 Bf5 12. Rc1 Rc8 13. b3 e5 14. dxe5 dxe5 15. Nb5 Nb4 16. Nxa7 Nxa2 17. Nxc8 Nxc1 18. Nxb6 Nxe2+ 19. Qxe2 Bd3 20. Qd2 Bxf1 21. Kxf1 Qxd2 22. Nxd2 f5 23. Ke2 Re8 24. Nd5 Ra8 25. f3 Kf7 26. b4 Bf8 27. c5 Ra2 28. Kd3 Ke6 29. Nb6 Ra3+ 30. Ke2 Ra2 31. Nbc4 Kd5 32. Kd3 Be7 33. Kc3 g5 34. Kb3 Ra1 35. Nb6+ Kc6 36. Ndc4 e4 37. fxe4 fxe4 38. Ne5+ Kb5 39. Nd5 Bd8 40. Nc3+ Ka6 41. b5+ Ka7 42. c6+ Kb8 43. Kc4 bxc6 44. Nxc6+ Kc8 45. Nxd8 Kxd8 46. Bxg5+ Kc8 47. Nxe4 Rg1 48. g3 Re1 49. Nc5 Kc7 50. Bf4+ Kb6 51. Na4+ Kb7 52. Nc3 Kb6 53. Nd5+ Kb7 54. b6 Kc6 55. Be3 Re2 56. g4 hxg4 57. hxg4 Rg2 58. Nb4+ Kb7 59. g5 Rg3 60. Kd3 Rg4 61. Nd5 Kc6 62. Ne7+ Kd7 63. Ng6 Rb4 64. Nf4 Rb5 65. g6 Rg5 66. Ke4 Kc8 67. Bd4 Kb7 68. Bf6 Rxg6 69. Nxg6 Kxb6 70. Kd5 Kc7 71. Ne5 Kb6 72. Be7 Kc7 73. Kc5 Kb7 74. Nc4 Kc7 75. Nb6 Kb7 76. Bd6 Ka6 77. Kc6 Ka7 78. Bc7 Ka6 79. Bb8 Ka5 80. Nd5 Ka4 81. Kc5 Kb3 82. Bf4 Kc2 83. Kc4 Kd1 84. Kd3 Ke1 85. Be3 Kf1 86. Nf4 Ke1 87. Bd4 Kf1 88. Ba7 Ke1 89. Bb6 Kf1 90. Bd4 Ke1 91. Ke3 Kf1 92. Kf3 Ke1 93. Kg2 Kd2 94. Kf2 Kc2 95. Ke3 Kb3 96. Ne6 Kc4 97. Ke4 Kb5 98. Kd5 Ka6 99. Kc6 Ka5 100. Bc5 Ka4 101. Nd4 Ka5 102. Kb7 Ka4 103. Kc6 Ka5 104. Nf3 Ka6 105. Nd2 Ka5 106. Nf3 Ka6 107. Nd4 Ka5 108. Ne6 Ka4 109. Kd5 Kb3 110. Nc7 Kc3 111. Nb5+ Kd3 112. Nd6 Ke2 113. Ke4 Kf1 114. Kf3 Ke1 115. Ne4 Kf1 116. Ng3+ Ke1 117. Ke3 Kd1 118. Kd3 Ke1 119. Be3 Kd1 120. Bf2 1/2-1/2

[Event "Polish Youth G18 Championship 2023"]
[Site "Jastrzebia Gora"]
[Date "2023.03.15"]
[Round "5.12"]
[White "Uliasz, Katarzyna"]
[Black "Szczotka, Matylda"]
[Result "1-0"]
[ECO "A06"]
[WhiteElo "1670"]
[BlackElo "1451"]
[Annotator "NA RC COMBH"]
[PlyCount "141"]
[EventDate "2023.03.11"]
[EventType "swiss"]
[EventCountry "POL"]
[SourceTitle "playchess.com"]
[Source "ChessBase"]
[SourceQuality "1"]
[TimeControl "40/5400+30:1800+30"]

1. g3 d5 2. Nf3 Nf6 3. Bg2 Nc6 4. d4 b6 5. c4 e6 6. O-O Bd6 7. Nc3 Bb7 8. cxd5 exd5 9. Bg5 Be7 10. Rc1 O-O 11. Ne5 Nb4 12. a3 Na6 13. Qb3 Re8 14. Rfe1 Ne4 15. Nxe4 dxe4 16. Nxf7 Qd5 17. Qxd5 Bxd5 18. Bxe7 Rxe7 19. Ne5 c5 20. e3 Rc8 21. Bf1 Nc7 22. Bc4 b5 23. Bxd5+ Nxd5 24. Rc2 a5 25. Rec1 c4 26. a4 Nb4 27. Re2 Nd3 28. Nxd3 exd3 29. Rd2 b4 30. Rxd3 Rec7 31. Rd2 c3 32. bxc3 b3 33. d5 Rc4 34. d6 Rxa4 35. d7 Rd8 36. c4 Rb4 37. c5 b2 38. Rb1 Rc4 39. Rbxb2 Rxc5 40. Rb7 a4 41. Ra7 Rc4 42. Ra2 Kf7 43. Kg2 Ke7 44. R2xa4 Rxa4 45. Rxa4 Rxd7 46. Ra6 Kf7 47. Kf3 Rd3 48. h4 Rb3 49. g4 Rb2 50. h5 h6 51. Kg3 Rb1 52. Kf4 Rb5 53. e4 Rb3 54. f3 Rb5 55. e5 Rb3 56. Ke4 Rc3 57. f4 Rc5 58. Ra7+ Kf8 59. Kf5 Rc6 60. Rd7 Ra6 61. Rd6 Ra5 62. Rb6 Kf7 63. Rg6 Rb5 64. Ra6 Rc5 65. g5 hxg5 66. fxg5 Rb5 67. Ra7+ Kf8 68. Rd7 Ra5 69. g6 Ra6 70. Rd8+ Ke7 71. Rg8 1-0

[Event "Polish Youth G18 Championship 2023"]
[Site "Jastrzebia Gora"]
[Date "2023.03.15"]
[Round "5.13"]
[White "Bychowska, Marta"]
[Black "Krzyzosiak, Anna"]
[Result "1/2-1/2"]
[ECO "B92"]
[WhiteElo "1388"]
[BlackElo "1503"]
[Annotator "NA RC COMBH"]
[PlyCount "73"]
[EventDate "2023.03.11"]
[EventType "swiss"]
[EventCountry "POL"]
[SourceTitle "playchess.com"]
[Source "ChessBase"]
[SourceQuality "1"]
[TimeControl "40/5400+30:1800+30"]

1. e4 c5 2. Nf3 d6 3. d4 cxd4 4. Nxd4 Nf6 5. Nc3 a6 6. Be2 e5 7. Nb3 Be7 8. O-O O-O 9. Be3 Be6 10. f3 d5 11. exd5 Nxd5 12. Nxd5 Bxd5 13. c4 Be6 14. Qxd8 Rxd8 15. Nc5 Bc8 16. Rfd1 Nc6 17. Rxd8+ Bxd8 18. Ne4 b6 19. Rd1 Bc7 20. Nc3 Be6 21. Nd5 Bxd5 22. cxd5 Nd4 23. Bxd4 exd4 24. Rxd4 Bd6 25. Rc4 Bc5+ 26. Kf1 a5 27. Bd3 Rd8 28. Be4 g6 29. g4 Kg7 30. f4 f5 31. gxf5 gxf5 32. Bf3 Re8 33. Kg2 Re1 34. h3 Rb1 35. Rc2 Rg1+ 36. Kh2 Rf1 37. Kg2 1/2-1/2

[Event "Polish Youth G18 Championship 2023"]
[Site "Jastrzebia Gora"]
[Date "2023.03.15"]
[Round "5.14"]
[White "Kaznowska, Kinga"]
[Black "Lochina, Justyna"]
[Result "0-1"]
[ECO "B80"]
[WhiteElo "1352"]
[BlackElo "1645"]
[Annotator "NA RC COMBH"]
[PlyCount "88"]
[EventDate "2023.03.11"]
[EventType "swiss"]
[EventCountry "POL"]
[SourceTitle "playchess.com"]
[Source "ChessBase"]
[SourceQuality "1"]
[TimeControl "40/5400+30:1800+30"]

1. e4 c5 2. Nf3 e6 3. d4 cxd4 4. Nxd4 Nf6 5. Nc3 d6 6. Bg5 Be7 7. Bb5+ Nbd7 8. Nf3 O-O 9. O-O Qc7 10. Re1 a6 11. Bxd7 Bxd7 12. e5 dxe5 13. Nxe5 Bc6 14. Bf4 Qb6 15. Rb1 Rac8 16. Be3 Qc7 17. Nd3 b5 18. a3 Qb7 19. f3 a5 20. Qe2 b4 21. axb4 axb4 22. Na2 Bd5 23. b3 Bd6 24. Qd2 Qc7 25. Naxb4 Bxh2+ 26. Kh1 Nh5 27. Bf2 Ng3+ 28. Bxg3 Qxg3 29. Qf2 Rfd8 30. Qxg3 Bxg3 31. Rec1 e5 32. Kg1 Be6 33. Ra1 Bf5 34. Nb2 Bf4 35. Rd1 Be3+ 36. Kf1 Bd4 37. Rab1 Bxc2 38. Nxc2 Rxc2 39. Nd3 Ra8 40. b4 f6 41. b5 Raa2 42. Nc1 Rf2+ 43. Ke1 Bc3+ 44. Rd2 Raxd2 0-1

[Event "Polish Youth G18 Championship 2023"]
[Site "Jastrzebia Gora"]
[Date "2023.03.15"]
[Round "5.15"]
[White "Trybus, Dominika"]
[Black "Czerwinska, Oliwia"]
[Result "0-1"]
[ECO "D00"]
[WhiteElo "1543"]
[BlackElo "1369"]
[Annotator "NA RC COMBH"]
[PlyCount "152"]
[EventDate "2023.03.11"]
[EventType "swiss"]
[EventCountry "POL"]
[SourceTitle "playchess.com"]
[Source "ChessBase"]
[SourceQuality "1"]
[TimeControl "40/5400+30:1800+30"]

1. d4 d5 2. Bf4 Nf6 3. e3 Bf5 4. c4 e6 5. Nc3 c6 6. c5 Nbd7 7. Nf3 b5 8. Bd3 Bxd3 9. Qxd3 a6 10. O-O Nh5 11. Be5 f6 12. Bg3 Nxg3 13. hxg3 f5 14. Nd2 Qg5 15. Ne2 Be7 16. f3 O-O 17. Kf2 e5 18. Rh1 e4 19. Qc2 h6 20. Nf4 Qf6 21. Rh2 g5 22. Ne2 Kg7 23. Rah1 Rh8 24. Ke1 Raf8 25. g4 fxg4 26. fxe4 Qf2+ 27. Kd1 Qxe3 28. exd5 cxd5 29. Re1 Bd8 30. g3 Qe8 31. Nf4 Qxe1+ 32. Kxe1 gxf4 33. gxf4 Rxf4 34. c6 Nb6 35. c7 Bg5 36. Rf2 Bh4 37. Qc5 Bxf2+ 38. Ke2 Re8+ 39. Kd1 Bxd4 40. Qd6 Rf7 41. Qg3 h5 42. Qh2 Kg6 43. Qd6+ Kg5 44. Qd8+ Rfe7 45. Nb3 Be5 46. c8=Q Nxc8 47. Qxd5 Nb6 48. Qc6 Re6 49. Qc1+ Bf4 50. Qc5+ Kg6 51. Qc2+ Kh6 52. Qf5 Rd6+ 53. Kc2 Rc8+ 54. Nc5 Be3 55. b4 Rdc6 56. Kb1 Na4 57. a3 Nxc5 58. bxc5 Bg5 59. Ka2 g3 60. Qe4 h4 61. Qg4 g2 62. Qxg2 Rxc5 63. Qg4 Rc2+ 64. Kb1 Rc1+ 65. Ka2 R8c2+ 66. Kb3 Rc3+ 67. Ka2 Rc6 68. Qf5 Rf6 69. Qh3 a5 70. Kb3 Rcf1 71. Qc8 R1f3+ 72. Ka2 Rf2+ 73. Kb1 Rd2 74. Qh8+ Kg6 75. Qg8+ Kh5 76. Qh7+ Bh6 0-1

[Event "Polish Youth G18 Championship 2023"]
[Site "Jastrzebia Gora"]
[Date "2023.03.15"]
[Round "5.16"]
[White "Bartoszek, Julia"]
[Black "Pietrzak, Emilia"]
[Result "1-0"]
[ECO "D58"]
[WhiteElo "1344"]
[BlackElo "1424"]
[Annotator "NA RC COMBH"]
[PlyCount "115"]
[EventDate "2023.03.11"]
[EventType "swiss"]
[EventCountry "POL"]
[SourceTitle "playchess.com"]
[Source "ChessBase"]
[SourceQuality "1"]
[TimeControl "40/5400+30:1800+30"]

1. d4 d5 2. c4 e6 3. Nf3 Nf6 4. Bg5 Be7 5. Nc3 O-O 6. e3 h6 7. Bh4 b6 8. Be2 Bb7 9. O-O c5 10. cxd5 Nxd5 11. Bxe7 Qxe7 12. Nxd5 exd5 13. Rc1 Nd7 14. Qb3 Nf6 15. Qa3 Rfc8 16. Rc2 Kf8 17. Rfc1 c4 18. Qxe7+ Kxe7 19. Nh4 g6 20. Bf3 b5 21. b3 cxb3 22. axb3 b4 23. g3 Rxc2 24. Rxc2 Rc8 25. Rxc8 Bxc8 26. Kf1 g5 27. Ng2 Bh3 28. Bd1 Ng4 29. Kg1 Kd6 30. Ne1 Nf6 31. Nd3 a5 32. Ne5 Be6 33. f3 Nd7 34. Nd3 Bf5 35. Nf2 Bb1 36. Kf1 Nb6 37. Ke2 a4 38. bxa4 Nc4 39. Nd3 Bxd3+ 40. Kxd3 Nb2+ 41. Ke2 Nc4 42. e4 f6 43. Bb3 Na5 44. Bxd5 f5 45. Bg8 b3 46. e5+ Ke7 47. Kd2 b2 48. Kc2 b1=Q+ 49. Kxb1 Nc6 50. a5 Nxa5 51. Kc2 Nc6 52. Kc3 h5 53. f4 h4 54. d5 Nd8 55. Bh7 Nf7 56. Bxf5 Nh6 57. d6+ Kd8 58. Be6 1-0

[Event "Polish Youth G18 Championship 2023"]
[Site "Jastrzebia Gora"]
[Date "2023.03.15"]
[Round "5.17"]
[White "Samol, Julia"]
[Black "Bauer, Marika"]
[Result "1-0"]
[ECO "C45"]
[WhiteElo "1374"]
[BlackElo "1183"]
[Annotator "NA RC COMBH"]
[PlyCount "95"]
[EventDate "2023.03.11"]
[EventType "swiss"]
[EventCountry "POL"]
[SourceTitle "playchess.com"]
[Source "ChessBase"]
[SourceQuality "1"]
[TimeControl "40/5400+30:1800+30"]

1. e4 e5 2. Nf3 Nc6 3. d4 exd4 4. Nxd4 Bc5 5. Nb3 Bb6 6. Nc3 a6 7. Qe2 d6 8. Be3 Bxe3 9. Qxe3 Nf6 10. O-O-O Be6 11. f4 Qe7 12. h3 h5 13. g3 O-O-O 14. Bg2 Rhe8 15. Rhe1 Nd7 16. Nd4 Nxd4 17. Qxd4 Nb6 18. a4 a5 19. Nb5 Qf6 20. Qxf6 gxf6 21. b3 Rg8 22. Re3 Rde8 23. Rc3 Rd8 24. Nxc7 Kb8 25. Nb5 d5 26. exd5 Nxd5 27. Bxd5 Rxd5 28. Rxd5 Bxd5 29. Re3 Be6 30. h4 f5 31. Nd4 Re8 32. Nxf5 Rg8 33. Nd4 Bg4 34. Nb5 Rd8 35. Nc3 Rc8 36. Kb2 Bf5 37. Re2 Bg4 38. Re5 f5 39. Rxa5 Rc6 40. Re5 Rc8 41. Nd5 Bd1 42. Ne3 Rd8 43. Nxd1 Rxd1 44. Rxf5 Rg1 45. Rg5 Kc7 46. Kc3 Kd6 47. Kb4 Rg2 48. c4 1-0

[Event "Polish Youth G18 Championship 2023"]
[Site "Jastrzebia Gora"]
[Date "2023.03.15"]
[Round "5.18"]
[White "Lopusiewicz, Marta"]
[Black "Olszewska, Wiktoria"]
[Result "0-1"]
[ECO "E73"]
[WhiteElo "1180"]
[BlackElo "1287"]
[Annotator "NA RC COMBH"]
[PlyCount "56"]
[EventDate "2023.03.11"]
[EventType "swiss"]
[EventCountry "POL"]
[SourceTitle "playchess.com"]
[Source "ChessBase"]
[SourceQuality "1"]
[TimeControl "40/5400+30:1800+30"]

1. d4 Nf6 2. c4 g6 3. Nc3 Bg7 4. e4 d6 5. Be2 O-O 6. Bg5 Nc6 7. Qd2 Bd7 8. h3 e5 9. d5 Ne7 10. g4 Ne8 11. Bd3 c6 12. f3 f6 13. Be3 Nc7 14. b3 cxd5 15. cxd5 Qe8 16. Bh6 Nb5 17. Bxg7 Kxg7 18. Nge2 Rc8 19. Nxb5 Bxb5 20. Nc3 Bxd3 21. Qxd3 Qd7 22. Ke2 g5 23. h4 gxh4 24. Nd1 Ng6 25. Kd2 Nf4 26. Qe3 Qc7 27. Qxa7 Qc2+ 28. Ke3 Qe2# 0-1

[Event "Polish Youth G18 Championship 2023"]
[Site "Jastrzebia Gora"]
[Date "2023.03.15"]
[Round "5.19"]
[White "Pietruszka, Julia"]
[Black "Sivickis, Kornelia"]
[Result "1/2-1/2"]
[ECO "B21"]
[WhiteElo "1151"]
[BlackElo "1328"]
[Annotator "NA RC COMBH"]
[PlyCount "70"]
[EventDate "2023.03.11"]
[EventType "swiss"]
[EventCountry "POL"]
[SourceTitle "playchess.com"]
[Source "ChessBase"]
[SourceQuality "1"]
[TimeControl "40/5400+30:1800+30"]

1. e4 c5 2. f4 d5 3. d3 e6 4. Nf3 dxe4 5. dxe4 Qxd1+ 6. Kxd1 Nf6 7. Bd3 Be7 8. h3 h5 9. c3 a6 10. Kc2 Nc6 11. a4 Bd7 12. Nbd2 Na5 13. Re1 O-O 14. f5 Rfe8 15. Ne5 exf5 16. Nxd7 Nxd7 17. exf5 Bh4 18. Rxe8+ Rxe8 19. Nf3 Bf6 20. Bg5 c4 21. Bf1 Bxg5 22. Nxg5 Nc5 23. Rd1 f6 24. Rd5 b6 25. Ne6 Nxe6 26. fxe6 Rxe6 27. Rxa5 bxa5 28. Bxc4 Kf7 29. Bxe6+ Kxe6 30. Kd3 Kd5 31. b3 g6 32. Ke3 Ke5 33. b4 axb4 34. cxb4 Kd5 35. b5 Ke5 1/2-1/2

[Event "Polish Youth G18 Championship 2023"]
[Site "Jastrzebia Gora"]
[Date "2023.03.15"]
[Round "5.20"]
[White "Nagly, Malgorzata"]
[Black "Tittor, Weronika"]
[Result "0-1"]
[ECO "B27"]
[WhiteElo "1041"]
[BlackElo "1226"]
[Annotator "NA RC COMBH"]
[PlyCount "100"]
[EventDate "2023.03.11"]
[EventType "swiss"]
[EventCountry "POL"]
[SourceTitle "playchess.com"]
[Source "ChessBase"]
[SourceQuality "1"]
[TimeControl "40/5400+30:1800+30"]

1. e4 c5 2. Nf3 g6 3. c3 d5 4. e5 d4 5. cxd4 cxd4 6. Qa4+ Nc6 7. Bb5 Bd7 8. Bxc6 Bxc6 9. Qxd4 Qxd4 10. Nxd4 Bxg2 11. Rg1 Bd5 12. Nc3 Bc4 13. b3 Ba6 14. Bb2 Bg7 15. f4 Nh6 16. Rc1 O-O 17. Nd5 e6 18. Nc7 Rac8 19. Kf2 Bd3 20. Ke3 Bf5 21. Rh1 Rfd8 22. Ncb5 Ra8 23. Nd6 f6 24. N4b5 fxe5 25. fxe5 Ng4+ 26. Ke2 Nxe5 27. Bxe5 Bxe5 28. Nxb7 Rdb8 29. N7d6 Bg4+ 30. Ke3 a6 31. d4 Bg7 32. Nc7 Ra7 33. h3 Bh6+ 34. Ke4 Bxc1 35. Rxc1 Bxh3 36. Ke5 Rb4 37. Ne4 h6 38. Rh1 Bg2 39. Nf6+ Kg7 40. Rg1 Bh3 41. Rg3 Bf5 42. Nce8+ Kf7 43. Rc3 h5 44. a3 Rb8 45. b4 Rxe8 46. Nxe8 Kxe8 47. Rc8+ Kf7 48. Rh8 Kg7 49. Rc8 h4 50. Rc2 Bxc2 0-1

[Event "Polish Youth G18 Championship 2023"]
[Site "Jastrzebia Gora"]
[Date "2023.03.18"]
[Round "8.1"]
[White "Skolska, Emilia"]
[Black "Goraj, Barbara"]
[Result "1/2-1/2"]
[ECO "B23"]
[WhiteElo "1586"]
[BlackElo "2130"]
[Annotator "TA"]
[PlyCount "98"]
[EventDate "2023.03.11"]
[EventType "swiss"]
[EventCountry "POL"]
[SourceTitle "playchess.com"]
[Source "ChessBase"]
[SourceQuality "1"]
[TimeControl "40/5400+30:1800+30"]

1. e4 c5 2. Nc3 Nc6 3. f4 g6 4. Nf3 Bg7 5. Bb5 Nd4 6. O-O Nxb5 7. Nxb5 d5 {[%emt 0:00:32] B23: Closed Sicilian: Lines without g3.} 8. exd5 a6 9. Nc3 Nf6 {[%emt 0:00:15][%cal Bg8f6,Bf6d5,Bd5c3][%mdl 32] The position is equal.} 10. d4 Nxd5 $1 {[%emt 0:00:51] 10...Nxd5 scores better than 10...c4.} 11. dxc5 Nxc3 12. Qxd8+ Kxd8 13. bxc3 Bxc3 14. Rb1 Kc7 15. Rb3 Bf6 16. Bd2 a5 17. Rfb1 Ra7 18. Rb5 Bd7 19. Rb6 Bc6 {[%emt 0:12:39] A strong pair of Bishops.} 20. Ne5 Bxe5 21. fxe5 {[%emt 0:00:08] [#]} Kd7 $146 ({Predecessor:} 21... Rd8 22. Be3 Rd7 23. e6 fxe6 24. Bf4+ Kd8 25. Rxc6 e5 26. Bxe5 Rd5 27. Bc7+ Kd7 28. Bb6 {1-0 Fiedler,L (1994)-Petzold,V (1973) Mittelfranken-chTB1 1617 2016 (9.3)}) 22. Bc3 Ke6 23. Bd4 Rd8 24. c3 h5 25. g3 f5 26. exf6 exf6 27. Rf1 f5 28. Re1+ Kf7 (28... Kd5 {is interesting.} 29. Bf6 Rd7 30. Bd4 Ra8) 29. Re5 Raa8 30. Rb2 Re8 31. Rbe2 Rxe5 32. Rxe5 $15 {[%emt 0:00:06][%mdl 4096] Endgame KRB-KRB} Be4 33. h4 a4 34. a3 Ra5 35. c6 Rxe5 36. Bxe5 bxc6 {[%emt 0:01:12] KB-KB} 37. Bd6 Ke6 38. Bb4 Kd5 39. Ba5 Kc4 40. Kf2 Kd3 41. Bb4 Bh1 42. Kg1 Bd5 43. Kf2 Kc4 44. Ba5 $1 Kb5 45. Bc7 Kc4 46. Ba5 $1 c5 {[%emt 0:00:42] [#] ...Kb3 is the strong threat. Black is slightly better.} 47. Bb6 Kxc3 {[%emt 0:00:22] Strongly threatening ...c4.} 48. Bxc5 Kd3 49. Bd6 Be4 {[%emt 0:00:07] Weighted Error Value: White=0.05 (flawless) /Black=0.04 (flawless)} 1/2-1/2

[Event "Polish Youth G18 Championship 2023"]
[Site "Jastrzebia Gora"]
[Date "2023.03.18"]
[Round "8.3"]
[White "Kucharska, Helena"]
[Black "Hertlein, Irena"]
[Result "1/2-1/2"]
[ECO "B01"]
[WhiteElo "1779"]
[BlackElo "1994"]
[Annotator "TA"]
[PlyCount "52"]
[EventDate "2023.03.11"]
[EventType "swiss"]
[EventCountry "POL"]
[SourceTitle "playchess.com"]
[Source "ChessBase"]
[SourceQuality "1"]
[TimeControl "40/5400+30:1800+30"]

1. e4 d5 2. exd5 Qxd5 3. Nf3 Bg4 4. Be2 Nc6 5. d4 O-O-O 6. c4 (6. Nc3 $5 Qf5 7. h3 Bxf3 {[%mdl 64] Remove Defender} 8. Bxf3 $14) 6... Qd7 {[%emt 0:00:32][%cal Og4f3] B01: Scandinavian Defence.} 7. d5 Bxf3 8. Bxf3 Ne5 9. O-O Nf6 10. Nc3 e6 11. Bf4 (11. Be3 {simplifies} Nxf3+ 12. Qxf3 exd5 13. Nxd5 Qg4 14. Qxg4+ Nxg4 15. Bxa7 b6 16. a4) 11... Bd6 12. Nb5 Nxf3+ 13. Qxf3 Bxf4 {[%emt 0:00:57] [#]} 14. Nxa7+ $146 ({Predecessor:} 14. Qxf4 Nxd5 15. Nxa7+ Kb8 16. cxd5 Kxa7 17. Rac1 Kb8 18. dxe6 fxe6 19. a4 Rhf8 20. Qc4 {½-½ Ivanova,A (2075)-Vlassow,V (2379) Chigorin Memorial 13th 2005 (1)}) 14... Kb8 15. Nc6+ $1 {[%emt 0:01:57] The position is equal.} bxc6 16. Qb3+ $1 Kc8 17. Qa4 {[%emt 0:00:14][%cal Ra4a8] [#]} Kb8 {[%emt 0:03:22] Repels Qa8+} (17... exd5 $2 18. Qa8#) 18. Qb4+ Kc8 19. Qa4 $1 Kb8 {[%emt 0:06:39] Inhibits Qa8+.} (19... exd5 $2 20. Qa8#) 20. Qb4+ Kc8 21. Qa4 $1 {[%emt 0:01:40][%cal Ra4a8] [#]} Bxh2+ 22. Kh1 $1 Kb8 {[%emt 0:00:53] Prevents Qa8+} 23. Qb4+ Kc8 24. Qa4 $1 Kb8 {[%emt 0:00:44] Repels Qa8+} 25. Qb4+ Kc8 26. Qa4 $1 Kb8 {[%emt 0:01:31] Wards off Qa8+.   Weighted Error Value: White=0.02 (flawless) /Black=0.01 (flawless)} 1/2-1/2

[Event "Polish Youth G18 Championship 2023"]
[Site "Jastrzebia Gora"]
[Date "2023.03.18"]
[Round "8.4"]
[White "Bugaj, Hanna"]
[Black "Bukala, Weronika"]
[Result "1/2-1/2"]
[ECO "A48"]
[WhiteElo "1639"]
[BlackElo "1899"]
[Annotator "NA RC COMBH"]
[PlyCount "109"]
[EventDate "2023.03.11"]
[EventType "swiss"]
[EventCountry "POL"]
[SourceTitle "playchess.com"]
[Source "ChessBase"]
[SourceQuality "1"]
[TimeControl "40/5400+30:1800+30"]

1. d4 Nf6 2. Nf3 g6 3. Nbd2 d5 4. b4 a5 5. b5 Bg7 6. e3 Bf5 (6... c5 $11 {might be stronger.}) 7. Bd3 Bxd3 (7... Ne4 $11 {remains equal.} 8. Bb2 a4) 8. cxd3 a4 9. Ba3 O-O 10. O-O Re8 (10... Qd7 $14) 11. Qc2 Nfd7 12. Rfc1 c6 13. Rab1 Qc7 14. Rb4 Nb6 15. Ne5 f6 16. Qb2 fxe5 17. bxc6 Ra6 18. Rb1 {[%emt 0:00:51] [#]} exd4 $1 19. exd4 Nxc6 $1 20. Rxb6 Rxb6 21. Qxb6 Qxb6 22. Rxb6 Nxd4 23. Rxb7 Rc8 24. Rb1 Rc2 25. Nf3 Nxf3+ 26. gxf3 Rxa2 27. Bxe7 Rb2 28. Rc1 Bd4 29. Bc5 Bxc5 30. Rxc5 a3 31. Ra5 a2 32. Kg2 Kg7 33. Ra6 Kh6 34. f4 Kh5 35. Kg3 Rd2 36. f3 Kh6 37. f5 Kg7 38. f6+ Kf7 39. h4 Rxd3 40. Rxa2 Kxf6 41. Ra7 h5 42. Rd7 Rd1 43. Kf4 Ke6 44. Rd8 Rg1 45. Ra8 Kd6 46. Rd8+ Kc6 $11 47. Ke5 g5 48. Rd6+ Kc7 49. Rxd5 gxh4 50. Kf4 Rb1 51. Rxh5 Kd6 52. Rxh4 Ke6 53. Rh6+ Kf7 54. Ra6 Rb5 55. Ke4 1/2-1/2